3AAA
HIALEAH DODOS @ LÉVIS ROCKS
09/23/2019
 
TOP OF THE 1ST
Hialeah Dodos batting - Pitching for Lévis Rocks : LHP Harvey Richards
Pitching: LHP Harvey Richards
Batting: RHB Herman Cook 0-0: Ball
1-0: Called Strike
1-1: Ball
2-1: SINGLE (Groundball, 6MD)
Batting: RHB Alvin Rogers 0-0: Ball
1-0: Ball
2-0: Called Strike
2-1: Ball
3-1: Swinging Strike
3-2: Base on Balls
Herman Cook to second
Batting: LHB Motoshige Kitamura 0-0: Ball
1-0: Ball
Alvin Rogers is caught stealing 2nd base
2-0: Ball
3-0: Base on Balls
Batting: RHB Joe Andrews 0-0: Ball
1-0: Ball
2-0: SINGLE (Groundball, 34D)
Herman Cook scores
Motoshige Kitamura to second
Runner from 2nd tries for 3rd, SAFE, throw made to third
Batting: RHB Ramón Gómez 0-0: Ball
1-0: Fly out, F9 (Flyball, 89M)
Runner from 3rd tags up, SCORES, no throw
Batting: RHB Kelly Flint 0-0: Ground out 4-3 (Groundball, 4)
Top of the 1st over - 2 run(s), 2 hit(s), 0 error(s), 1 left on base; Hialeah 2 - Lévis 0
BOTTOM OF THE 1ST
Lévis Rocks batting - Pitching for Hialeah Dodos : RHP José Guzmán
Pitching: RHP José Guzmán
Batting: LHB Edward Carlson 0-0: Bunt for hit - play at first, batter safe!
Batting: SHB Tim Eldridge 0-0: Called Strike
Edward Carlson steals 2nd base
0-1: Ball
1-1: Ball
2-1: Foul Ball, location: 2F
2-2: Ground out U3 (Groundball, 3)
Edward Carlson to third
Batting: RHB Dan Holliday 0-0: Ball
1-0: Ball
2-0: Foul Ball, location: 2F
2-1: Foul Ball, location: 2F
2-2: Strikes out swinging
Batting: RHB Jim Unknown 0-0: Ball
1-0: Ground out 1-3 (Groundball, 13S)
Bottom of the 1st over - 0 run(s), 1 hit(s), 0 error(s), 1 left on base; Hialeah 2 - Lévis 0
TOP OF THE 2ND
Hialeah Dodos batting - Pitching for Lévis Rocks : LHP Harvey Richards
Batting: RHB Peter Baker 0-0: DOUBLE (Flyball, 78M)
Batting: LHB Jeremiah Spencer 0-0: Foul Ball, location: 2F
0-1: Ball
1-1: Ball
2-1: Ball
3-1: Foul Ball, location: 2F
3-2: Base on Balls
Batting: SHB Mark Kennedy 0-0: Ball
1-0: Ball
2-0: Called Strike
2-1: Foul Ball, location: 2F
2-2: Ground out 6-3 (Groundball, 6MS)
Peter Baker to third
Jeremiah Spencer to second
Batting: RHB Herman Cook 0-0: Foul Ball, location: 2F
0-1: Foul Ball, location: 2F
0-2: Ball
1-2: Foul Ball, location: 2F
1-2: Strikes out looking
Batting: RHB Alvin Rogers 0-0: Foul Ball, location: 2F
0-1: Foul Ball, location: 2F
0-2: SINGLE (Line Drive, 6D)
Peter Baker scores
Jeremiah Spencer to third
Runner from 3rd tries for Home, SAFE, no throw or cutoff
Batting: LHB Motoshige Kitamura 0-0: Called Strike
0-1: Ball
1-1: Ball
2-1: SINGLE (Line Drive, 4M)
Alvin Rogers to second
Batting: RHB Joe Andrews 0-0: Called Strike
0-1: Foul Ball, location: 2F
0-2: Ball
1-2: Strikes out looking
Top of the 2nd over - 2 run(s), 3 hit(s), 0 error(s), 2 left on base; Hialeah 4 - Lévis 0
BOTTOM OF THE 2ND
Lévis Rocks batting - Pitching for Hialeah Dodos : RHP José Guzmán
Batting: RHB Nectanebos Dolenian 0-0: Ball
1-0: Ball
2-0: Swinging Strike
2-1: Ball
3-1: Ground out 5-3 (Groundball, 5S)
Batting: RHB Jimmy Allen 0-0: Ball
1-0: Called Strike
1-1: Ball
2-1: SINGLE (Line Drive, 8LS)
Batting: RHB Jim Unknown 0-0: Ball
1-0: Called Strike
1-1: Ball
2-1: Called Strike
2-2: Strikes out looking
Batting: RHB Jim Unknown 0-0: Ball
1-0: Ball
2-0: Called Strike
2-1: Ball
3-1: SINGLE (Line Drive, 8LS)
Jimmy Allen to second
Batting: RHB Carlos Mercado 0-0: Foul Ball, location: 2F
0-1: Ball
1-1: Ball
2-1: Called Strike
2-2: Strikes out swinging
Bottom of the 2nd over - 0 run(s), 2 hit(s), 0 error(s), 2 left on base; Hialeah 4 - Lévis 0
TOP OF THE 3RD
Hialeah Dodos batting - Pitching for Lévis Rocks : LHP Harvey Richards
Batting: RHB Ramón Gómez 0-0: SINGLE (Groundball, 6MD)
Batting: RHB Kelly Flint 0-0: Ball
Ramón Gómez is caught stealing 2nd base
1-0: Ball
2-0: Called Strike
2-1: Foul Ball, location: 2F
2-2: SINGLE (Groundball, 6MD)
Batting: RHB Peter Baker 0-0: Ball
1-0: Ball
2-0: Ball
3-0: Called Strike
3-1: SINGLE (Line Drive, 8LS)
Kelly Flint to second
Batting: LHB Jeremiah Spencer 0-0: Called Strike
0-1: Called Strike
0-2: Ball
1-2: Fly out, F5 (Popup, 5SF)
Batting: SHB Mark Kennedy 0-0: Ball
1-0: Ball
2-0: Ball
3-0: Base on Balls
Kelly Flint to third
Peter Baker to second
Batting: RHB Herman Cook 0-0: Called Strike
0-1: Ball
1-1: Foul Ball, location: 2F
1-2: Ball
2-2: Ball
3-2: Base on Balls
Kelly Flint scores
Peter Baker to third
Mark Kennedy to second
Batting: RHB Alvin Rogers 0-0: Fielders Choice at 2nd, U6 (Groundball, 6M)
Top of the 3rd over - 1 run(s), 3 hit(s), 0 error(s), 3 left on base; Hialeah 5 - Lévis 0
BOTTOM OF THE 3RD
Lévis Rocks batting - Pitching for Hialeah Dodos : RHP José Guzmán
Batting: LHB Edward Carlson 0-0: Foul Ball, location: 2F
0-1: Bunt missed!
0-2: Ball
1-2: SINGLE (Line Drive, 7S)
Batting: SHB Tim Eldridge 0-0: Foul Ball, location: 2F
0-1: Swinging Strike
0-2: Fly out, F7 (Line Drive, 78M)
Batting: RHB Dan Holliday 0-0: Called Strike
0-1: Foul Ball, location: 2F
0-2: Ball
1-2: Foul Ball, location: 2F
1-2: Ball
2-2: Grounds into double play, 6-4-3 (Groundball, 6)
Bottom of the 3rd over - 0 run(s), 1 hit(s), 0 error(s), 0 left on base; Hialeah 5 - Lévis 0
TOP OF THE 4TH
Hialeah Dodos batting - Pitching for Lévis Rocks : LHP Harvey Richards
Batting: LHB Motoshige Kitamura 0-0: Hit by Pitch
Batting: RHB Joe Andrews 0-0: Ball
1-0: Called Strike
1-1: Foul Ball, location: 2F
1-2: Ball
2-2: Foul Ball, location: 2F
2-2: Ball
3-2: Strikes out looking
Batting: RHB Ramón Gómez 0-0: Ball
1-0: Ball
2-0: Called Strike
2-1: Ball
3-1: Base on Balls
Motoshige Kitamura to second
Batting: RHB Kelly Flint 0-0: Ball
Motoshige Kitamura steals 3rd base
Ramón Gómez to second
1-0: Ball
2-0: Ball
3-0: Called Strike
3-1: Called Strike
3-2: SINGLE (Line Drive, 56)
Motoshige Kitamura scores
Ramón Gómez to third
Runner from 3rd tries for Home, SAFE, no throw or cutoff
Pitching: LHP Miguel López
Batting: RHB Peter Baker 0-0: Ball
1-0: Ball
2-0: Ball
3-0: Called Strike
3-1: Fly out, F3 (Popup, 3D)
Batting: LHB Jeremiah Spencer 0-0: Swinging Strike
0-1: Foul Ball, location: 2F
0-2: Ball
1-2: Fly out, F7 (Flyball, 7M)
Top of the 4th over - 2 run(s), 1 hit(s), 0 error(s), 1 left on base; Hialeah 7 - Lévis 0
BOTTOM OF THE 4TH
Lévis Rocks batting - Pitching for Hialeah Dodos : RHP José Guzmán
Batting: RHB Jim Unknown 0-0: Ball
1-0: Swinging Strike
1-1: Ball
2-1: Swinging Strike
2-2: Strikes out looking
Batting: RHB Nectanebos Dolenian 0-0: Ball
1-0: Ball
2-0: Called Strike
2-1: Swinging Strike
2-2: Strikes out looking
Batting: RHB Jimmy Allen 0-0: Ground out 6-3 (Groundball, 6)
Bottom of the 4th over - 0 run(s), 0 hit(s), 0 error(s), 0 left on base; Hialeah 7 - Lévis 0
TOP OF THE 5TH
Hialeah Dodos batting - Pitching for Lévis Rocks : LHP Miguel López
Batting: SHB Mark Kennedy 0-0: Foul Ball, location: 2F
0-1: Ball
1-1: Called Strike
1-2: Ball
2-2: Foul Ball, location: 2F
2-2: Ball
3-2: Base on Balls
Batting: RHB Herman Cook 0-0: Ball
1-0: Called Strike
1-1: Foul Ball, location: 2F
1-2: Foul Ball, location: 2F
1-2: Ground out 5-3 (Groundball, 56S)
Mark Kennedy to second
Batting: RHB Alvin Rogers 0-0: Swinging Strike
0-1: Called Strike
0-2: Ball
1-2: Ground out 5-3 (Groundball, 5S)
Mark Kennedy to third
Batting: LHB Motoshige Kitamura 0-0: Ball
1-0: Ball
2-0: Foul Ball, location: 2F
2-1: Swinging Strike
2-2: Fly out, F8 (Flyball, 8LS)
Top of the 5th over - 0 run(s), 0 hit(s), 0 error(s), 1 left on base; Hialeah 7 - Lévis 0
BOTTOM OF THE 5TH
Lévis Rocks batting - Pitching for Hialeah Dodos : RHP José Guzmán
Batting: RHB Jim Unknown 0-0: Called Strike
0-1: Ball
1-1: Ball
2-1: Fly out, F9 (Line Drive, 89S)
Batting: RHB Jim Unknown 0-0: Ball
1-0: Fly out, F8 (Popup, 8LM)
Batting: RHB Carlos Mercado 0-0: Ball
1-0: Called Strike
1-1: Foul Ball, location: 2F
1-2: Ball
2-2: Fly out, F6 (Popup, 6D)
Bottom of the 5th over - 0 run(s), 0 hit(s), 0 error(s), 0 left on base; Hialeah 7 - Lévis 0
TOP OF THE 6TH
Hialeah Dodos batting - Pitching for Lévis Rocks : LHP Miguel López
Pitching: RHP Jim Unknown
Batting: RHB Joe Andrews 0-0: Ball
1-0: Foul Ball, location: 2F
1-1: Foul Ball, location: 2F
1-2: Foul Ball, location: 2F
1-2: Ball
2-2: Ball
3-2: Base on Balls
Batting: RHB Ramón Gómez 0-0: Swinging Strike
0-1: Swinging Strike
0-2: Reached on error, E5 (Groundball, 5)
Joe Andrews to second
Batting: RHB Kelly Flint 0-0: Foul Ball, location: 2F
0-1: Ball
1-1: Ball
2-1: Ball
3-1: Foul Ball, location: 2F
3-2: Base on Balls
Joe Andrews to third
Ramón Gómez to second
Batting: RHB Peter Baker 0-0: Called Strike
0-1: Called Strike
0-2: Ball
1-2: Ball
2-2: SINGLE (Flyball, 8LS)
Joe Andrews scores
Ramón Gómez to third
Kelly Flint to second
Runner from 3rd tries for Home, SAFE, no throw or cutoff
Pitching: LHP Jim Unknown
Batting: LHB Jeremiah Spencer 0-0: Swinging Strike
0-1: Ball
1-1: Called Strike
1-2: Grounds into double play, 5-4-3 (Groundball, 56)
Kelly Flint to third
Batting: SHB Mark Kennedy 0-0: Foul Ball, location: 2F
0-1: Swinging Strike
0-2: Ball
1-2: Strikes out swinging
Top of the 6th over - 2 run(s), 1 hit(s), 1 error(s), 1 left on base; Hialeah 9 - Lévis 0
BOTTOM OF THE 6TH
Lévis Rocks batting - Pitching for Hialeah Dodos : RHP José Guzmán
Batting: LHB Edward Carlson 0-0: Ball
1-0: Bunt for hit - play at first, batter OUT! 1-4
Batting: SHB Tim Eldridge 0-0: Ball
1-0: Ball
2-0: Called Strike
2-1: Swinging Strike
2-2: Strikes out swinging
Batting: RHB Dan Holliday 0-0: Swinging Strike
0-1: Ball
1-1: Ball
2-1: Ground out 4-3 (Groundball, 4M)
Bottom of the 6th over - 0 run(s), 0 hit(s), 0 error(s), 0 left on base; Hialeah 9 - Lévis 0
TOP OF THE 7TH
Hialeah Dodos batting - Pitching for Lévis Rocks : LHP Jim Unknown
Batting: RHB Herman Cook 0-0: Ball
1-0: Ball
2-0: Swinging Strike
2-1: Called Strike
2-2: Foul Ball, location: 2F
2-2: Strikes out swinging
Batting: RHB Alvin Rogers 0-0: Ball
1-0: Called Strike
1-1: SINGLE (Groundball, 56D)
Batting: LHB Motoshige Kitamura 0-0: Ball
1-0: Grounds into double play, 4-6-3 (Groundball, 4)
Top of the 7th over - 0 run(s), 1 hit(s), 0 error(s), 0 left on base; Hialeah 9 - Lévis 0
BOTTOM OF THE 7TH
Lévis Rocks batting - Pitching for Hialeah Dodos : RHP José Guzmán
Now at 1B: José Bravo
Batting: RHB Jim Unknown 0-0: Ball
1-0: Hit by Pitch
Batting: RHB Nectanebos Dolenian 0-0: Ball
1-0: Called Strike
1-1: SINGLE (Flyball, 78S)
Jim Unknown to second
Batting: RHB Jimmy Allen 0-0: Grounds into double play, 6-4-3 (Groundball, 6M)
Jim Unknown to third
Batting: RHB Jim Unknown 0-0: Called Strike
0-1: Ball
1-1: SINGLE (Groundball, 56D)
Jim Unknown scores
Batting: RHB Jim Unknown 0-0: Ball
1-0: Foul Ball, location: 2F
1-1: Ground out 5-3 (Groundball, 5L)
Bottom of the 7th over - 1 run(s), 2 hit(s), 0 error(s), 1 left on base; Hialeah 9 - Lévis 1
TOP OF THE 8TH
Hialeah Dodos batting - Pitching for Lévis Rocks : LHP Jim Unknown
Pitching: RHP Aurelio Nieves
Batting: RHB José Bravo 0-0: Called Strike
0-1: Called Strike
0-2: Ball
1-2: Foul Ball, location: 2F
1-2: Ball
2-2: Strikes out swinging
Batting: RHB Ramón Gómez 0-0: Ball
1-0: Foul Ball, location: 2F
1-1: Foul Ball, location: 2F
1-2: Strikes out swinging
Batting: RHB Kelly Flint 0-0: Called Strike
0-1: Foul Ball, location: 2F
0-2: Ball
1-2: Ball
2-2: Ground out 5-3 (Groundball, 56S)
Top of the 8th over - 0 run(s), 0 hit(s), 0 error(s), 0 left on base; Hialeah 9 - Lévis 1
BOTTOM OF THE 8TH
Lévis Rocks batting - Pitching for Hialeah Dodos : RHP José Guzmán
Batting: RHB Carlos Mercado 0-0: Ball
1-0: Foul Ball, location: 2F
1-1: Ball
2-1: Foul Ball, location: 2F
2-2: Ball
3-2: SINGLE (Line Drive, 78M)
Batting: LHB Edward Carlson 0-0: Ball
1-0: Ball
2-0: Grounds into double play, 6-4-3 (Groundball, 6)
Batting: SHB Tim Eldridge 0-0: Ball
1-0: Foul Ball, location: 2F
1-1: Ball
2-1: Ball
3-1: SINGLE (Line Drive, 56D)
Pitching: LHP José Carrasco
Batting: RHB Dan Holliday 0-0: Ball
1-0: Ball
2-0: Ball
3-0: Base on Balls
Tim Eldridge to second
Batting: RHB Jim Unknown 0-0: Called Strike
0-1: Ball
1-1: Ball
2-1: Swinging Strike
2-2: Foul Ball, location: 2F
2-2: Fly out, F9 (Flyball, 89M)
Bottom of the 8th over - 0 run(s), 2 hit(s), 0 error(s), 2 left on base; Hialeah 9 - Lévis 1
TOP OF THE 9TH
Hialeah Dodos batting - Pitching for Lévis Rocks : RHP Aurelio Nieves
Pitching: RHP Jim Unknown
Batting: RHB Peter Baker 0-0: Foul Ball, location: 2F
0-1: Ball
1-1: Ball
2-1: SINGLE (Line Drive, 7LS)
Batting: LHB Jeremiah Spencer 0-0: Called Strike
0-1: Ball
1-1: Ball
Wild Pitch!
Peter Baker to second
2-1: Foul Ball, location: 2F
2-2: Ball
3-2: Foul Ball, location: 2F
3-2: Strikes out swinging
Batting: SHB Mark Kennedy 0-0: Called Strike
Peter Baker steals 3rd base
0-1: Foul Ball, location: 2F
0-2: Ball
1-2: Strikes out looking
Batting: RHB Herman Cook 0-0: Ball
1-0: Foul Ball, location: 2F
1-1: Ground out 6-3 (Groundball, 6)
Top of the 9th over - 0 run(s), 1 hit(s), 0 error(s), 1 left on base; Hialeah 9 - Lévis 1
BOTTOM OF THE 9TH
Lévis Rocks batting - Pitching for Hialeah Dodos : LHP José Carrasco
Batting: RHB Nectanebos Dolenian 0-0: Called Strike
0-1: Called Strike
0-2: SINGLE (Line Drive, 6D)
Batting: RHB Jimmy Allen 0-0: Ball
1-0: Ball
2-0: Ball
3-0: Called Strike
3-1: Called Strike
3-2: Foul Ball, location: 2F
3-2: Foul Ball, location: 2F
3-2: Strikes out looking
Batting: RHB Jim Unknown 0-0: Ball
1-0: Called Strike
1-1: Ball
2-1: Ball
3-1: Base on Balls
Nectanebos Dolenian to second
Batting: RHB Jim Unknown 0-0: Ball
1-0: Ball
2-0: Ball
3-0: Called Strike
3-1: Base on Balls
Nectanebos Dolenian to third
Jim Unknown to second
Batting: RHB Carlos Mercado 0-0: Ball
1-0: Ball
2-0: Called Strike
2-1: Fly out, F9 (Flyball, 89S)
Batting: LHB Edward Carlson 0-0: Called Strike
0-1: Foul Ball, location: 2F
0-2: DOUBLE (Line Drive, 89S)
Nectanebos Dolenian scores
Jim Unknown scores
Jim Unknown to third
Runner from 3rd tries for Home, SAFE, no throw or cutoff
Pitching: RHP Robinson Gonzáles
Batting: SHB Tim Eldridge 0-0: Foul Ball, location: 2F
0-1: Ball
1-1: Swinging Strike
1-2: Foul Ball, location: 2F
1-2: Foul Ball, location: 2F
1-2: Ball
2-2: Ground out 5-3 (Groundball, 56S)
Bottom of the 9th over - 3 run(s), 2 hit(s), 0 error(s), 1 left on base; Hialeah 9 - Lévis 4
This league is powered by Out of the Park Baseball, the baseball management simulation game for PC, Mac and Linux
Saturday, July 25th, 2015 - OOTP Baseball 15.6 Build 34